 Dungeon Crawl Stone Soup version 0.25-a0-424-g80bd347ae0 (webtiles) character file.

Game seed: 3084132888514131850, levelgen mode: deterministic

125 PigIron the Shield-Bearer (level 4, -9/39 HPs)
             Began as a Minotaur Fighter on Jan 22, 2020.
             Mangled by a kobold
             ... wielding a +1 whip of electrocution
              (17 damage)
             ... on level 2 of the Dungeon.
             The game lasted 00:25:43 (2173 turns).

PigIron the Shield-Bearer (Minotaur Fighter)        Turns: 2173, Time: 00:25:44

Health: -9/39      AC: 11    Str: 21    XL:     4   Next: 82%
Magic:  3/3        EV:  4    Int:  5    God:
Gold:   113        SH: 10    Dex: 10    Spells: 3/3 levels left

rFire    . . .     SeeInvis .   a - +0 war axe
rCold    . . .     Gourm    .   c - +0 shield
rNeg     . . .     Faith    .   j - +0 plate armour
rPois    .         Spirit   .   (helmet restricted)
rElec    .         Reflect  .   (no cloak)
rCorr    .         Harm     .   (no gloves)
MR       .....                  (no boots)
Stlth    ..........             (no amulet)
HPRegen  0.13/turn              (no ring)
MPRegen  0.08/turn              (no ring)

@: no status effects
A: retaliatory headbutt, horns 2
a: no special abilities


You were on level 2 of the Dungeon.
You were not hungry.

You visited 1 branch of the dungeon, and saw 3 of its levels.

You collected 113 gold pieces.

Inventory:

Hand Weapons
 a - a +0 war axe (weapon)
 b - a cursed -1 dagger
Armour
 c - a +0 shield (worn)
 j - a +0 plate armour (worn)
Scrolls
 e - 3 scrolls of enchant weapon {unknown}
 g - a scroll of immolation {unknown}
 h - 4 scrolls of identify {unknown}
 i - a scroll of fear {unknown}
 m - a scroll of enchant armour {unknown}
 o - a scroll of remove curse {unknown}
Potions
 d - a potion of might
 k - a potion of brilliance {unknown}
 l - a potion of curing {unknown}
 n - a potion of cancellation {unknown}
Comestibles
 f - 3 rations


   Skills:
 - Level 3.6 Fighting
 + Level 4.4 Axes
 - Level 3.6 Armour
 + Level 1.0 Dodging
 + Level 0.3 Stealth
 + Level 5.1 Shields
 + Level 0.4 Unarmed Combat


You had 3 spell levels left.
You didn't know any spells.
Your spell library was empty.

Dungeon Overview and Level Annotations

Branches:
Dungeon (3/15)

Altars:
Cheibriados


Innate Abilities, Weirdness & Mutations

You reflexively headbutt those who attack you in melee.
You have a pair of horns on your head.


Message History

There are no items here.
The jackal barks!
The kobold hits you but does no damage.
You can't go down here!
You block the kobold's attack. x2
You climb upwards.
There is a stone staircase leading down here.
You closely miss the kobold. You miss the kobold.
The kobold hits you but does no damage. You block the kobold's attack.
The kobold hits you but does no damage.
You completely miss the kobold. You barely miss the kobold.
The kobold hits you.
* * * LOW HITPOINT WARNING * * *
The kobold hits you but does no damage.
Your shield and plate armour prevent you from hitting the kobold.
You headbutt the kobold, but do no damage.
Your plate armour prevents you from hitting the kobold.
You block the kobold's attack. The kobold hits you but does no damage.
You are electrocuted!
You die...

.....# #≈≈≈≈≈##.....)#
########≈≈.≈≈##..###.#
........≈≈≈≈≈......#.#
########.≈≈≈..#..#.#.#
### ###...#....#...#
..# #..........#####
..# #.#####........#
.># #...........##.#
..# ###.......@K.#.#
### #......K...#.#
#..........#.#
#.....######.##
#.....# #.....#
#.....###÷#####
#.....'...#
#.....##### #.....#


You could see 2 kobolds.

Vanquished Creatures
  A worker ant (D:2)
  3 adders (D:2)
  An ooze (D:1)
  3 dart slugs
  4 leopard geckos
  An orc (D:3)
  6 bats
  3 giant cockroaches (D:1)
  6 goblins
  8 hobgoblins
  6 jackals (D:2)
  2 quokkas
  3 frilled lizards
  9 kobolds
  2 rats (D:2)
58 creatures vanquished.

Notes
Turn   | Place    | Note
-------+----------+-------------------------------------------
     0 | D:1      | PigIron the Minotaur Fighter began the quest for the Orb.
     0 | D:1      | Reached XP level 1. HP: 19/19 MP: 0/0
   180 | D:1      | Reached skill level 4 in Shields
   181 | D:1      | Reached XP level 2. HP: 25/26 MP: 1/1
   352 | D:1      | Reached XP level 3. HP: 30/31 MP: 2/2
  1446 | D:2      | Reached XP level 4. HP: 38/39 MP: 3/3
  1493 | D:2      | Reached skill level 5 in Shields
  1633 | D:2      | Reached skill level 1 in Dodging
  1673 | D:2      | Found a snail-covered altar of Cheibriados.
  2173 | D:2      | Mangled by a kobold

Levels and vault maps discovered:
D:1:      dpeg_arrival_castle, layout_loops_ring
D:2:      layout_basic, kennysheep_slug_shrine
D:3:      kb_forest_paths, layout_loops_corners, lemuel_round_altar,
          first_ration, chequers_ecumenical_altar_island,
          chequers_hall_statues_wall_a

Skill      XL: |  1  2  3  4 |
---------------+-------------+-----
Shields        | 4 5 |  5.1
Axes           | 3 4 |  4.4
Dodging        | 1 |  1.0
Fighting       | |  3.6
Armour         | |  3.6
Stealth        | |  0.3
Unarmed Combat | |  0.4

Action                   |  1- 3 |  4- 6 || total
-------------------------+-------+-------++-------
Melee: War axe           |    59 |    55 ||   114
       Headbutt          |    11 |     9 ||    20
       Unarmed           |    40 |       ||    40
  Use: Potion            |     1 |       ||     1
  Eat: Chunk             |     1 |     3 ||     4
Armor: Scale mail        |    44 |    17 ||    61
       Plate armour      |       |    15 ||    15
Dodge: Dodged            |    28 |     8 ||    36
Block: Shield            |    41 |    25 ||    66

Table legend:
 A = Non-vault XP
 B = Vault XP
 C = Vault XP percentage of total XP
 D = Non-vault monster count
 E = Vault monster count
 F = Vault count percentage of total count
                 A         B        C        D         E       F
            +---------+---------+-------+---------+---------+-------
      Total |     175 |       4 |   2.2 |      57 |       1 |   1.7
            +---------+---------+-------+---------+---------+-------
        D:1 |      60 |       0 |   0.0 |      29 |       0 |   0.0
        D:2 |     106 |       4 |   3.6 |      24 |       1 |   4.0
        D:3 |       9 |       0 |   0.0 |       4 |       0 |   0.0
            +---------+---------+-------+---------+---------+-------
